 Dungeon Crawl Stone Soup version 0.30-a0-591-g3c58d2bc28 (webtiles) character file.

Game seed: 4569989173283545704

2172 omnomnOMINOUS the Sneak (level 9, 0/91 HPs)
             Began as an Octopode Wanderer on Jan 6, 2023.
             Was an Initiate of Ru.
             Succumbed to a water moccasin's poison
             ... on level 6 of the Dungeon.
             The game lasted 00:22:59 (7704 turns).

omnomnOMINOUS the Sneak (Octopode Wanderer)         Turns: 7704, Time: 00:23:00

Health: 0/91       AC: 24    Str: 18    XL:     9   Next: 32%
Magic:  11/13      EV:  2    Int: 19    God:    Ru [......]
Gold:   360        SH:  0    Dex: 10    Spells: 8/12 levels left

rFire   + . .      SeeInvis +    a - +3 dagger (protect)
rCold   . . .      Faith    .    (no shield)
rNeg    . . .      Spirit   .    (helmet currently unavailable)
rPois   +          Reflect  .    K - amulet of the acrobat
rElec   .          Harm     .    p - +6 ring of strength
rCorr   .          Rampage  .    B - ring of protection from fire
Will    .....      NoTele   +    L - ring of see invisible
Stlth   +++                      (no ring)
HPRegen 0.35/turn                (no ring)
MPRegen 0.13/turn                (no ring)
                                 (no ring)
                                 (no ring)

@: brilliant, lethally poisoned (0 -> -1), tree-form, attractive
A: stationary, stasis, torment immunity, boosted hp, almost no armour,
(amphibious), 8 rings, (camouflage 1), (gelatinous body 1), (nimble swimmer 1),
(tentacles), high MP 1, (shaggy fur 1)
a: Renounce Religion


You were on level 6 of the Dungeon.
You worshipped Ru.
Ru was noncommittal.
You were a tree.
You visited 2 branches of the dungeon, and saw 7 of its levels.
You also visited: Ossuary.

You collected 393 gold pieces.
You spent 33 gold pieces at shops.

Inventory:

Hand Weapons
 a - a +3 dagger of protection (weapon)
 b - a +2 short sword of venom
 y - a +0 dagger of venom
 H - a +0 shortbow
 I - a +0 dagger of draining
 M - a +2 whip of electrocution
 O - a +2 whip of venom
Armour
 d - an orb of guile
 l - a +1 hat (melded)
Jewellery
 p - a +6 ring of strength (left branch)
 B - a ring of protection from fire (right branch)
 K - an amulet of the acrobat (around neck)
 L - a ring of see invisible (on tentacle)
Wands
 g - a wand of roots (4)
 u - a wand of paralysis (9)
 x - a wand of flame (45)
 J - a wand of light (8)
Scrolls
 f - 2 scrolls of fog
 i - 7 scrolls of teleportation
 n - a scroll of amnesia {unknown}
 r - a scroll of butterflies {unknown}
 t - a scroll of enchant weapon {unknown}
 v - 3 scrolls of blinking
 A - a scroll of brand weapon {unknown}
 C - a scroll of noise {unknown}
 D - a scroll of vulnerability {unknown}
 G - 2 scrolls of magic mapping
Potions
 h - a potion of flight
 j - a potion of magic {unknown}
 k - a potion of berserk rage {unknown}
 m - 2 potions of haste
 o - 3 potions of attraction
 q - a potion of lignification
 s - 2 potions of brilliance
 w - 4 potions of mutation
 E - a potion of cancellation {unknown}
 F - a potion of resistance
 N - a potion of might
Miscellaneous
 e - a piece from Xom's chessboard (15/15)


   Skills:
 + Level 5.2 Fighting
 + Level 5.0 Short Blades
 - Level 5.0 Maces & Flails
 + Level 5.1 Dodging
 + Level 7.4 Stealth
 - Level 2.0 Spellcasting
 + Level 4.8 Hexes
 - Level 2.0 Summonings
 - Level 2.1 Evocations


You had 8 spell levels left.
You knew the following spells:

 Your Spells              Type           Power      Damage    Failure   Level
a - Summon Small Mammal   Summ           56%        N/A       8%          1
b - Confusing Touch       Hex            30%        N/A       7%          3

Your spell library contained the following spells:

 Spells                   Type           Power      Damage    Failure   Level
 Foxfire                  Conj/Fire      8%         2x1d4     17%         1
 Kiss of Death            Conj/Necr      8%         2d6       17%         1
 Call Canine Familiar     Summ           14%        N/A       22%         3
 Dispel Undead            Necr           2%         3d7       86%         4
 Fireball                 Conj/Fire      1%         3d3       99%         5
 Starburst                Conj/Fire      1%         6d3       100%        6


Dungeon Overview and Level Annotations

Branches:
Dungeon (6/15)             Temple (1/1) D:5         Ossuary (visited)

Altars:
Cheibriados
Dithmenos
Elyvilon
Fedhas
Gozag
Makhleb
Okawaru
Ru
Trog
Uskayaw
Vehumet
Wu Jian
Xom
The Shining One

Shops:
D:2 ?   D:4 *=   D:5 *

Annotations:
D:4 exclusion: steam dragon
D:6 Edmund
Temple 2 transporters


Innate Abilities, Weirdness & Mutations

You are a tree.
Your roots penetrate the ground, keeping you stationary.
You cannot be teleported.
You are immune to unholy pain and torment.
Your maximum health is greatly increased.
You cannot wear most types of armour.
((You are amphibious.))
You can wear up to eight rings at the same time.
((Your skin changes colour to match your surroundings (Stealth+).))
((Your rubbery body absorbs attacks. (AC +1, EV +1)))
((You are camouflaged when in or above water. (Stealth+)))
((You have tentacles for arms and can constrict up to eight enemies at once.))
You have an increased reservoir of magic. (+10% MP)
((You are covered in fur. (AC +1)))


Message History

The grasping roots grab you! The grasping roots constrict you.
* * * LOW HITPOINT WARNING * * *
There is a stone staircase leading up here.
Okay, then.
Unknown command.
Okay, then.
Unknown command.
Okay, then.
Unknown command.
Really quaff the potion of lignification?
You turn into a tree.
Your +1 hat melds into your body.
Your roots penetrate the ground.
You feel sick. The grasping roots constrict you.
Aiming: Paralyse
Press: ? - help, Shift-Dir - straight line, f - Edmund
Aim: Edmund, wielding a +3 flail of draining, wearing a +3 leather armour of fire resistance and carrying a wand of roots (9) (chance to confuse on hit: 52%, chance to affect: 54%)
Okay, then.
Unknown command.
Okay, then.
Unknown command.
Aiming: Paralyse
Press: ? - help, Shift-Dir - straight line, f - Edmund
Aim: Edmund, wielding a +3 flail of draining, wearing a +3 leather armour of fire resistance and carrying a wand of roots (9) (chance to confuse on hit: 52%, chance to affect: 54%) Edmund suddenly stops moving!
Your branches stop glowing.
You feel sick. The grasping roots constrict you.
* * * LOW HITPOINT WARNING * * *
Okay, then.
Unknown command.
It was a potion of brilliance.
You feel clever all of a sudden.
* * * LOW HITPOINT WARNING * * *
You feel sick. The grasping roots constrict you.
The grasping roots release their grip on you.
Okay, then.
Unknown command.
It was a potion of attraction.
You feel attractive to monsters.
You die...

#.......)#...)...#..#.#
#........#######....#.##
...#.#....# ###...... ..
#.#.##.# #..#.##
#..<.#.# #..#.#
.#####..#.# #..#(#
..........# #..#.#
#########.# #..#.#
#.@.♣...# #..#.#
#.####### ...#.# #.#
##### #..#.#
#####.#...... #........#
#..h.....# #......S.#
#...5....# #........#


You could see Edmund (paralysed).

Vanquished Creatures
  Pikel (D:5)
  Duvessa (D:4)
  A black bear (D:4)
  An ogre (D:6)
  A lemure (D:5)
  A phantom (D:3)
  A bullfrog (D:6)
  Blork the orc (D:5)
  2 necrophages (D:5)
  A scorpion (D:5)
  Dowan (D:4)
  A gnoll bouda (D:4)
  4 hounds
  2 orc priests (D:5)
  2 jellies (D:4)
  Ijyb (D:3)
  Crazy Yiuf (D:2)
  Jessica (D:2)
  5 orc wizards
  3 iguanas
  Natasha (thrice) (D:2)
  9 mummies
  11 gnolls
  6 adders
  3 shadow imps (D:6)
  A white imp (D:6)
  2 ufetubi
  2 worms
  3 dart slugs
  12 orcs
  8 ball pythons
  6 endoplasms
  4 giant cockroaches
  A gnoll zombie (Ossuary)
  4 goblins
  6 hobgoblins
  7 jackals
  4 quokkas
  6 bats
  A frilled lizard (D:2)
  A hobgoblin zombie (Ossuary)
  8 kobolds
  2 kobold zombies (Ossuary)
  2 orc zombies (Ossuary)
  7 rats
151 creatures vanquished.

Vanquished Creatures (collateral kills)
  A hobgoblin zombie (Ossuary)
  A kobold zombie (Ossuary)
2 creatures vanquished.

Vanquished Creatures (others)
  A goblin (D:4)
1 creature vanquished.

Grand Total: 154 creatures vanquished

Notes
Turn   | Place    | Note
-------+----------+-------------------------------------------
     0 | D:1      | omnomnOMINOUS the Octopode Wanderer began the quest for the
                  | Orb.
     0 | D:1      | omnomnOMINOUS set off with the following items: a +2 mace,
                  | a piece from Xom's chessboard (15/15), a scroll of fear;
                  | and the following spell memorised: Summon Small Mammal; and
                  | the following spells available to memorise: Call Canine
                  | Familiar.
     0 | D:1      | Reached XP level 1. HP: 13/13 MP: 2/2
   156 | D:1      | Reached XP level 2. HP: 14/18 MP: 3/3
   360 | D:1      | Reached skill level 1 in Stealth
   750 | D:1      | Reached XP level 3. HP: 19/23 MP: 2/4
   756 | D:1      | Learned a level 3 spell: Confusing Touch
   814 | D:2      | Reached skill level 1 in Short Blades
   854 | D:2      | Reached skill level 1 in Dodging
   922 | D:2      | Found Gycuodac's Magic Scroll Boutique.
   932 | D:2      | Reached skill level 2 in Stealth
   965 | D:2      | Reached XP level 4. HP: 27/28 MP: 6/6
  1117 | D:2      | Noticed Natasha
  1129 | D:2      | Killed Natasha
  1166 | D:2      | Noticed Jessica
  1173 | D:2      | Killed Jessica
  1174 | D:2      | Reached skill level 1 in Hexes
  1174 | D:2      | Reached XP level 5. HP: 34/34 MP: 7/7
  1386 | D:2      | Found a runed translucent door.
  1387 | D:2      | Noticed Crazy Yiuf
  1394 | D:2      | Killed Crazy Yiuf
  1451 | D:2      | Noticed Natasha
  1459 | D:2      | Killed Natasha
  2030 | D:2      | Found Gycuodac's Magic Scroll Boutique.
  2338 | D:2      | Noticed Natasha
  2345 | D:2      | Killed Natasha
  2346 | D:2      | Reached skill level 3 in Stealth
  2730 | D:3      | Reached XP level 6. HP: 39/39 MP: 9/9
  3260 | D:3      | Identified the +1 leather armour of Contentment {Str+4}
  3321 | D:3      | Noticed Ijyb
  3333 | D:3      | Killed Ijyb
  3337 | D:3      | HP: 2/41 [poisoned by Ijyb]
  3567 | D:4      | Noticed Duvessa
  3568 | D:4      | Noticed Dowan
  3630 | D:4      | Found Jiashriv's Jewellery Emporium.
  3686 | D:4      | Noticed a steam dragon
  3943 | D:4      | Found a shimmering altar of Xom.
  3948 | D:4      | Reached XP level 7. HP: 45/45 MP: 10/10
  3973 | D:4      | Killed Dowan
  3974 | D:4      | Reached skill level 4 in Stealth
  4038 | D:4      | Found a sand-covered staircase.
  4057 | Ossuary  | Entered an ossuary
  4094 | Ossuary  | Gained mutation: You are covered in fur. (AC +1) [potion of
                  | mutation]
  4094 | Ossuary  | Gained mutation: You have an increased reservoir of magic.
                  | (+10% MP) [potion of mutation]
  4916 | D:4      | Killed Duvessa
  4917 | D:4      | Reached skill level 5 in Stealth
  5270 | D:4      | Reached XP level 8. HP: 37/54 MP: 8/12
  5335 | D:4      | Found Hykkiat's Assorted Antiques.
  5912 | D:5      | Entered Level 5 of the Dungeon
  6213 | D:5      | Reached skill level 6 in Stealth
  6390 | D:5      | Found Ukeuczie's General Store.
  6391 | D:5      | Noticed Blork the orc
  6585 | D:5      | Killed Blork the orc
  6637 | D:5      | Bought a scroll of teleportation for 33 gold pieces
  6707 | D:5      | Noticed Pikel
  6723 | D:5      | Killed Pikel
  6724 | D:5      | Reached skill level 5 in Fighting
  6724 | D:5      | Reached skill level 7 in Stealth
  6724 | D:5      | Reached XP level 9. HP: 16/61 MP: 7/13
  7153 | D:5      | Found a staircase to the Ecumenical Temple.
  7201 | Temple   | Entered the Ecumenical Temple
  7201 | Temple   | Found a transporter.
  7201 | Temple   | Found a transporter.
  7203 | Temple   | Found a transporter.
  7203 | Temple   | Found a transporter.
  7229 | Temple   | Became a worshipper of Ru the Awakened
  7488 | D:6      | Reached skill level 5 in Dodging
  7575 | D:6      | Reached skill level 5 in Short Blades
  7686 | D:6      | Noticed Edmund
  7700 | D:6      | HP: 3/61 [constriction (3)]
  7702 | D:6      | HP: 1/91 [constriction (2)]
  7704 | D:6      | Succumbed to a water moccasin's poison

Illustrated notes

Levels and vault maps discovered:
D:1:      scummos_arrival_star, layout_loops_cross, kennysheep_another_room
D:2:      layout_basic, serial_shops, shop, uniq_jessica,
          uniq_crazy_yiuf_cottage, uniq_natasha
D:3:      layout_loops_ring, uniq_ijyb
D:4:      layout_layer_cave, dk_xom_monty_hall, serial_shops, shop, shop,
          gup_ossuary_entry_pyramid, minmay_cut_off, uniq_duvessa
D:5:      layout_basic, minmay_temple_entry_nine_rooms, serial_shops, shop,
          nicolae_hexahallways, minmay_misc_feat_cross,
          nicolae_kite_square_tiling_tiny, chequers_serial_rivers_micro_d,
          uniq_blork_the_orc, uniq_pikel
D:6:      layout_basic, minmay_fountain_box, uniq_maggie, uniq_edmund
Temple:   hellmonk_temple_divided_pantheon

Skill      XL: |  1  2  3  4  5  6  7  8  9 |
---------------+----------------------------+-----
Stealth        | 1 2 3 5 7 |  7.4
Short Blades   | 1 2 3 4 5 |  5.0
Dodging        | 1 2 3 4 5 |  5.1
Fighting       | 2 3 5 |  5.2
Hexes          | 1 2 3 4 |  4.8
Summonings     | 2 |  2.0
Spellcasting   | 2 |  2.0
Maces & Flails | |  5.0
Evocations     | |  2.1

Action                   |  1- 3 |  4- 6 |  7- 9 || total
-------------------------+-------+-------+-------++-------
Melee: Mace              |    12 |       |       ||    12
       Constrict         |    12 |    21 |    53 ||    86
       Tentacles         |    11 |    22 |    85 ||   118
       Dagger            |    44 |    99 |   242 ||   385
       Short sword       |       |    29 |     8 ||    37
       Punch             |       |       |     3 ||     3
 Cast: Summon Small Mamm |     1 |     1 |     5 ||     7
       Confusing Touch   |       |       |    20 ||    20
Evoke: Wand              |       |       |     7 ||     7
  Use: Potion            |       |     3 |     9 ||    12
       Scroll            |       |     1 |     5 ||     6
 Stab: Sleeping          |     7 |    17 |     4 ||    28
       Distracted        |       |       |     2 ||     2
       Confused          |       |       |     4 ||     4
Armor: Skin              |    14 |    24 |    37 ||    75
Dodge: Dodged            |    31 |    69 |   117 ||   217

Table legend: (Time is in decaauts)
 A = Elapsed time spent in this place.
 B = Non-inter-level travel time spent in this place.
 C = Inter-level travel time spent in this place.
 D = Time resting spent in this place.
 E = Time spent auto-exploring this place.
 F = Levels seen in this place.
 G = Mean time per level.
                   A        B        C        D        E       F      G
               +--------+--------+--------+--------+--------+-----+--------+
         Total |   7614 |   7105 |    509 |   1287 |   4322 |   8 |  951.8 |
       Dungeon |   7137 |   6637 |    500 |   1060 |   4219 |   6 | 1189.5 |
        Temple |     43 |     34 |      9 |      0 |      6 |   1 |   43.0 |
       Ossuary |    433 |    433 |      0 |    227 |     97 |   1 |  433.0 |
               +--------+--------+--------+--------+--------+-----+--------+

Top non-repeatable levels by time:
     D:4: 1971 daAuts
     D:2: 1885 daAuts
     D:5: 1176 daAuts
     D:3: 952 daAuts
     D:1: 731 daAuts
 Ossuary: 433 daAuts
     D:6: 420 daAuts
  Temple: 43 daAuts
